 Dungeon Crawl Stone Soup version 0.19-a0-1111-gcceb26a (webtiles) character file.

709561 Gorice the Acrobat (level 27, 0/189 HPs)
             Began as a Demonspawn Abyssal Knight on Aug 7, 2016.
             Was the Champion of Lugonu.
             Slain by a profane servitor
             ... wielding a +3 whip
              (6 damage)
             ... on level 1 of the Abyss on Aug 11, 2016.
             The game lasted 09:44:33 (78903 turns).

Gorice the Acrobat (Demonspawn Abyssal Knight)     Turns: 78903, Time: 09:44:35

Health: 0/189      AC: 43    Str: 17    XL:     27
Magic:  40/40      EV: 23    Int: 20    God:    Lugonu [******]
Gold:   1517       SH:  4    Dex: 17    Spells: 12 memorised, 13 levels left

rFire  + + +     SeeInvis .     a - +9 great sword (elec)
rCold  + . .     Gourm    .     A - +5 fire dragon armour of the Great Game {rF++ rC- Stlth+}
rNeg   + + +     Faith    .     (shield currently unavailable)
rPois  .         Spirit   .     (helmet unavailable)
rElec  .         Dismiss  .     k - +5 cloak of Calculation {rF++}
rCorr  .         Reflect  .     J - +3 pair of gauntlets of War {Slay+5}
SustAt +         Harm     .     y - +0 pair of boots
MR     ++...                    T - amulet "Kafosh" {rC+ Regen+}
Stlth  +++++.....               b - +5 ring of slaying
                                B - ring "Duppoip" {SustAt rN++ Stlth+}

@: regenerating, hasted, wreathed by umbra, repel missiles, very quick
A: horns 3, large bone plates 3, blink, clever 1, cold resistance 1, deformed
body, frail 1, foul stench 2, icemail, negative energy resistance 1, 50% torment
resistance, black mark, rot immunity, freezing cloud immunity
a: Blink, Depart the Abyss, Bend Space, Banish, Corrupt, Enter the Abyss, Brand
Weapon With Distortion, Renounce Religion
}: 5/15 runes: serpentine, barnacled, slimy, silver, abyssal


You were on level 1 of the Abyss.
You worshipped Lugonu.
Lugonu was exalted by your worship.
You were not hungry.

You visited 11 branches of the dungeon, and saw 53 of its levels.
You visited Pandemonium 1 time, and saw 5 of its levels.
You visited the Abyss 5 times.
You also visited: Labyrinth, Ice Cave and Volcano.

You collected 8416 gold pieces.
You spent 6899 gold pieces at shops.

Inventory:

Hand Weapons
 a - a +9 great sword of electrocution (weapon)
   (You took it off a vault warden on level 1 of the Vaults)
 d - a +3 blowgun
Missiles
 l - 15 needles of sleeping
 Q - 23 javelins (quivered)
 X - 18 curare-tipped needles
 Y - 9 throwing nets
Armour
 k - the +5 cloak of Calculation (worn) {rF++}
   (You found it on level 4 of the Depths)

   It greatly protects you from fire.
 y - a +0 pair of boots (worn)
 A - the +5 fire dragon armour of the Great Game (worn) {rF++ rC- Stlth+}
   (You found it in a volcano)

   It greatly protects you from fire.
   It makes you vulnerable to cold.
   It makes you more stealthy.
 J - the +3 pair of gauntlets of War (worn) {Slay+5}
   (You found it on level 14 of the Dungeon)

   It affects your accuracy and damage with ranged weapons and melee attacks
   (+5).
Rods
 I - a +8 iron rod (12/12) {!a}
   (You took it off a minotaur in a labyrinth)
Jewellery
 b - a +5 ring of slaying (right hand)
 f - an uncursed ring of resist corrosion
 i - an uncursed ring of see invisible
 p - an uncursed ring of poison resistance
 q - the ring of Noon {+Inv MR+ Int+4}
   (You found it on level 3 of the Crypt)

   [ring of protection from magic]

   It affects your intelligence (+4).
   It affects your resistance to hostile enchantments.
   It lets you turn invisible.
 B - the ring "Duppoip" (left hand) {SustAt rN++ Stlth+}
   (You found it on level 5 of the Pits of Slime)

   [ring of sustain attributes]

   It sustains your strength, intelligence and dexterity.
   It greatly protects you from negative energy.
   It makes you more stealthy.
 T - the amulet "Kafosh" (around neck) {rC+ Regen+}
   (You found it on level 5 of the Vaults)

   [amulet of regeneration]

   It protects you from cold.
   It increases your rate of regeneration.
 Z - the ring of Salvation {SustAt rC+ Dex+3}
   (You found it on level 2 of the Abyss)

   [ring of sustain attributes]

   It sustains your strength, intelligence and dexterity.
   It affects your dexterity (+3).
   It protects you from cold.
Wands
 e - a wand of disintegration (9/24)
 t - a wand of heal wounds (6/9) {!d}
 C - a wand of digging (12/24)
 F - a wand of digging (14/24)
Scrolls
 g - 23 scrolls of remove curse
 n - 7 scrolls of blinking
 v - a scroll of amnesia
 x - a scroll of recharging
 D - 12 scrolls of identify
 G - 11 scrolls of fog
 H - 4 scrolls of magic mapping {!r}
 K - 2 scrolls of fear {!r}
 L - 7 scrolls of summoning {!r}
 R - 9 scrolls of teleportation {!r}
Potions
 h - 4 potions of cure mutation {!q}
 j - 3 potions of resistance {!q}
 m - 4 potions of curing
 o - 2 potions of cancellation {!q}
 s - 6 potions of might {!q}
 z - 9 potions of agility {!q}
 M - 6 potions of haste {!q}
Books
 r - a book of Burglary
Miscellaneous
 O - a fan of gales
 V - 2 boxes of beasts
Comestibles
 c - 21 bread rations {!e}
 u - 29 fruits
 w - a meat ration {!e}
 E - a slice of pizza


   Skills:
 + Level 15.8 Fighting
 - Level 18.0 Long Blades
 - Level 12.4 Throwing
 - Level 18.1 Armour
 + Level 21.3 Dodging
 - Level 10.0 Stealth
 - Level 13.2 Spellcasting
 - Level 10.0 Charms
 - Level 16.8 Summonings
 - Level 13.0 Necromancy
 - Level 8.2 Translocations
 - Level 8.0 Invocations
 - Level 12.0 Evocations


You had 13 spell levels left.
You knew the following spells:

 Your Spells              Type           Power        Failure   Level  Hunger
c - Shadow Creatures      Summ           N/A          1%          6    #####..
d - Dispel Undead         Necr           ######..     1%          5    ####...
e - Cigotuvi's Embrace    Necr           ######....   1%          5    ####...
p - Portal Projectile     Tloc           #####.       1%          3    None
A - Apportation           Tloc           #####.....   1%          1    None
B - Summon Butterflies    Summ           ######..     0%          1    None
D - Aura of Abjuration    Summ           ######....   1%          5    ####...
G - Passage of Golubria   Tloc           N/A          4%          4    None
J - Blink                 Tloc           N/A          1%          2    None
M - Repel Missiles        Chrm/Air       ####..       2%          2    None
R - Regeneration          Chrm/Necr      ######....   1%          3    None
S - Swiftness             Chrm/Air       ####....     2%          2    None


Dungeon Overview and Level Annotations

Branches:
Dungeon (15/15)            Temple (1/1) D:4            Lair (6/6) D:8
 Shoals (4/4) Lair:2        Snake (4/4) Lair:4        Slime (5/5) Lair:6
    Orc (2/2) D:10            Elf (3/3) Orc:2        Vaults (5/5) D:13
  Crypt (3/3) Vaults:3       Tomb (0/3) Crypt:3      Depths (5/5) D:15
    Zot (0/5) Depths:5

Altars:
Ashenzari
Cheibriados
Dithmenos
Elyvilon
Fedhas
Gozag
Hepliaklqana
Kikubaaqudgha
Makhleb
Nemelex Xobeh
Okawaru
Pakellas
Qazlal
Ru
Sif Muna
Trog
Uskayaw
Vehumet
Xom
Yredelemnul
Zin
The Shining One
Beogh
Jiyva

Shops:
D:6 *   D:7 :   D:9 =?   Orc:1 }   Orc:2 =(=[   Elf:2 [(   Snake:1 **
Snake:3 =   Vaults:2 *   Vaults:3 !

Portals:
Hell: Depths:1 Depths:2 Depths:3 Depths:4 Depths:5
Abyss: Depths:1 Depths:4
Pandemonium: Depths:3 Depths:5
Ziggurat: Depths:3

Annotations:
D:2 exclusion: oklob plant
Shoals:2 exclusion: oklob plant
Shoals:3 pUX...


Innate Abilities, Weirdness & Mutations

You have a pair of large horns on your head.
You are completely covered in large bone plates. (AC +4, SH +4)
Your flesh is cold resistant. (rC+)
You frequently emit foul miasma when damaged in melee.
A meltable icy envelope protects you from harm. (AC +10)
You resist negative energy. (rN+)
You are somewhat able to resist unholy torments (1 in 2 success).
Your melee attacks may debilitate your foes.
You are immune to rotting.
You are immune to freezing clouds.
You can translocate small distances at will.
Your mind is acute. (Int +2)
Armour fits poorly on your strangely shaped body.
You are frail. (-10% HP)


Message History

The spatial maelstrom barely misses you.
You riposte.
You carve the spatial maelstrom like a ham!!!
You destroy the spatial maelstrom!
The profane servitor hits you with an enchanted whip!
* * * LOW HITPOINT WARNING * * *
The profane servitor hits you but does no damage.
The large abomination hits you but does no damage.
Damage: 23 (max 26) Unknown command.
Unknown command.
Unknown command.
Unknown command.
A chorus of shrieks assaults your mind.
* * * LOW HITPOINT WARNING * * *
The profane servitor completely misses you.
The profane servitor hits you but does no damage.
Damage: 5 (max 26)
A chorus of shrieks assaults your mind.
* * * LOW HITPOINT WARNING * * *
Damage: 3 (max 26)
A chorus of shrieks assaults your mind.
* * * LOW HITPOINT WARNING * * *
The profane servitor hits you with an enchanted whip!
* * * LOW HITPOINT WARNING * * *
The profane servitor closely misses you.
A spatial vortex comes into view.
Damage: 16 (max 26) Evoke which item? (* to show all) (? for menu, Esc to quit)
Zapping:
t - a wand of heal wounds (7/9) {!d}
Press: ? - help, Shift-Dir - straight line, f - you You feel much better.
This wand has 6 charges left.
The profane servitor hits you with an enchanted whip!
* * * LOW HITPOINT WARNING * * *
You emit a cloud of foul miasma!
The profane servitor completely misses you.
The orc sorcerer mumbles some strange words.
The large abomination completely misses you.
You riposte.
You closely miss the large abomination.
Unknown command.
Unknown command.
Really quaff
M - 7 potions of haste {!q}?
You feel yourself speed up.
The profane servitor hits you with an enchanted whip!
* * * LOW HITPOINT WARNING * * *
The profane servitor hits you with an enchanted whip.
* * * LOW HITPOINT WARNING * * *
The large abomination misses you.
The profane servitor hits you with an enchanted whip.
You die...

.. ..X. ##......
.##...#..........
#....#.#.........
#........#.!.... #
##.v[⌠.⌠.#........
.......v.....#...#
#..XX.X##..#..#
#@AXX.o$....#
#..#..##4...###
.....#####.....##
#v.### ##...... .
#. #........... ..
#.X......... .
#...........
##X.....∩..
v..........


You could see a profane servitor, 5 starcursed masses, 3 spatial vortices, a
large abomination, an ice devil and an orc sorcerer.

Vanquished Creatures
  the Royal Jelly (Slime:5)
  2 ancient liches
  Mennas (Depths:4)
  A juggernaut (Depths:4)
  Boris (Depths:3)
  Vashnia (Snake:3)
  4 pandemonium lords (Pan)
  Bai Suzhen (Shoals:3)
  A curse toe (Crypt:3)
  Saint Roka (Vaults:1)
  5 golden dragons
  A caustic shrike (Depths:3)
  Nikola (Snake:2)
  4 bone dragons
  Jorgrun (Shoals:2)
  10 liches
  A Brimstone Fiend (Pan)
  6 tentacled monstrosities
  An Ice Fiend (Pan)
  4 Tzitzimimeh (Pan)
  A hellephant (Depths:4)
  5 titans (Vaults:5)
  5 deep elf blademasters
  2 quicksilver dragons
  12 acid blobs
  7 sphinxes
  2 deep elf master archers (Elf:3)
  5 Executioners
  6 ancient champions
  A kraken (Shoals:4)
  6 tentacled starspawn
  Polyphemus (Shoals:3)
  A thorn hunter (Abyss:3)
  2 warmongers (Pan)
  9 tengu reavers
  14 fire giants
  Donald (Vaults:3)
  Kirke (Shoals:1)
  2 revenants
  10 greater nagas
  Ilsuiw (Shoals:3)
  7 storm dragons
  4 shadow dragons (Vaults:5)
  4 azure jellies
  Aizul (Snake:1)
  3 balrugs
  8 deep elf sorcerers
  2 iron dragons (Depths:4)
  14 frost giants
  Louise (Snake:1)
  12 vault wardens
  5 curse skulls
  9 deep elf elementalists
  2 cacodemons (Pan)
  A draconian scorcher (Depths:5)
  7 ghouls
  An emperor scorpion (D:15)
  13 ironheart preservers
  A caustic shrike zombie (Crypt:3)
  4 spriggan defenders
  5 war gargoyles (Vaults:5)
  4 reapers
  2 entropy weavers
  10 vampire knights
  21 very ugly things
  33 stone giants
  The ghost of flowsnake the Cleaver, a journeyman DDFi of Hepliaklqana (Orc:1)
  2 draconian callers
  An ophan (Abyss:1)
  7 lorocyprocas (Pan)
  2 blood saints (Pan)
  7 deep elf demonologists
  A green draconian (Depths:5)
  7 deep elf annihilators
  Nessos (D:14)
  A purple draconian (Depths:5)
  2 black suns (Pan)
  A white draconian (Depths:5)
  4 spark wasps
  A dire elephant (Abyss:3)
  3 chaos champions (Pan)
  A yellow draconian (Depths:5)
  2 eidola
  The ghost of 4thArraOfDagon the Scorcher, a journeyman DEFE of Vehumet (Shoals:2)
  2 red draconians (Depths:5)
  12 deep elf death magi
  3 merfolk javelineers
  9 jiangshi
  2 deep elf high priests
  12 ettins
  14 fire dragons
  4 blizzard demons (Pan)
  14 merfolk impalers
  A death ooze (Slime:5)
  A fire dragon (shapeshifter) (Depths:4)
  14 great orbs of eyes
  28 yaktaur captains
  A mummy priest (Crypt:3)
  17 naga warriors
  11 rakshasas
  A minotaur (Lab)
  31 vault guards
  2 hell beasts
  13 hydras
  A monstrous demonspawn (Pan)
  17 ice dragons
  8 spriggan air magi
  3 alligator snapping turtles
  2 merfolk avatars (Shoals:3)
  3 catoblepae
  17 ogre magi
  5 tengu warriors
  34 dancing weapons
  4 death knights
  3 merfolk aquamancers
  12 anacondas
  8 deep troll earth magi
  9 centaur warriors
  6 death yaks
  5 satyrs
  11 deep troll shamans
  4 shock serpents
  13 thrashing horrors
  7 orc high priests
  4 soul eaters
  10 vampire magi
  10 naga sharpshooters
  9 spriggan berserkers
  20 deep elf knights
  A storm dragon zombie (Crypt:3)
  Sonja (D:14)
  11 spriggans
  6 sun demons
  A titan skeleton (Abyss:3)
  A hellephant skeleton (Crypt:2)
  5 hell knights
  8 iron trolls
  22 skeletal warriors
  6 wretched stars
  6 shadow wraiths
  3 spatial maelstroms
  A golden dragon zombie (Crypt:3)
  A giant orange brain (shapeshifter) (Vaults:4)
  7 flayed ghosts
  12 giant orange brains
  2 shadow demons (Abyss:2)
  2 salamander mystics
  18 sea snakes
  3 gelid demonspawn (Pan)
  31 deep trolls
  An infernal demonspawn (Pan)
  3 putrid demonspawn (Pan)
  11 naga ritualists
  5 unseen horrors
  3 torturous demonspawn (Pan)
  A wizard (Vaults:3)
  13 phantasmal warriors
  18 deep elf archers
  An iron dragon zombie (Crypt:1)
  19 ironbrand convokers
  16 orc knights
  A harpy (shapeshifter) (Vaults:2)
  17 harpies
  18 hill giants
  A shadow dragon skeleton (Crypt:1)
  6 necromancers
  A wolf spider zombie (D:15)
  9 hornets
  16 mana vipers
  2 mana vipers (shapeshifter)
  4 wolf spiders
  2 orc sorcerers
  14 griffons
  A griffon (shapeshifter) (Vaults:5)
  A shining eye (Slime:5)
  56 deep elf magi
  A salamander (shapeshifter) (Depths:4)
  6 sixfirhies (Pan)
  15 fauns
  11 salamanders
  13 cyclopes
  6 elephants (Lair:6)
  21 manticores
  12 vault sentinels
  An iron dragon skeleton (Crypt:3)
  6 worldbinders (Abyss:3)
  50 black mambas
  49 ugly things
  A fire giant skeleton (Crypt:3)
  4 rust devils
  2 ice statues (IceCv)
  A water nymph (shapeshifter) (Vaults:5)
  10 sirens
  A centaur zombie (D:12)
  A gargoyle (D:14)
  A guardian serpent (shapeshifter) (Depths:2)
  13 naga magi
  7 water nymphs
  3 apocalypse crabs
  6 guardian serpents
  A black mamba (shapeshifter) (Depths:4)
  Joseph (D:10)
  5 orange demons
  10 smoke demons
  6 spiny frogs
  A dire elephant skeleton (Crypt:1)
  A spiny frog (shapeshifter) (Vaults:3)
  3 efreet
  A hellion (Pan)
  9 komodo dragons
  7 rime drakes
  11 freezing wraiths
  A swamp worm zombie (Crypt:1)
  A mottled draconian zombie (Crypt:1)
  2 kobold demonologists (Abyss:2)
  A rime drake (shapeshifter) (D:15)
  5 tengu conjurers
  8 demonic crawlers
  2 tormentors
  2 ice devils
  2 hellwings
  76 yaktaurs
  A yaktaur (shapeshifter) (Elf:1)
  2 hydra zombies
  2 queen bees
  13 trolls
  4 ancient zymes
  2 red devils
  23 merfolk
  12 polar bears
  2 polar bears (shapeshifter)
  A grey draconian skeleton (Crypt:2)
  12 raiju
  A wolf spider simulacrum (Vaults:1)
  28 two-headed ogres
  80 slime creatures
  3 wind drakes
  12 snapping turtles
  A two-headed ogre (shapeshifter) (Vaults:3)
  Prince Ribbit (D:5)
  A raiju (shapeshifter) (Vaults:2)
  4 boulder beetles
  A bog body (Crypt:2)
  A meliai zombie (D:15)
  A fire giant simulacrum (Abyss:3)
  8 blink frogs (Lair:6)
  34 starcursed masses
  3 shadows
  8 air elementals
  A redback (shapeshifter) (Vaults:5)
  A tarantella (shapeshifter) (Vaults:5)
  12 flying skulls
  18 ynoxinuls
  A redback (Vaults:3)
  A spriggan (shapeshifter) (Depths:2)
  20 water elementals
  A yak (shapeshifter) (Vaults:4)
  A fire bat (Volcano)
  4 basilisks
  7 fire elementals
  A human (shapeshifter) (Abyss:2)
  28 large abominations
  A hippogriff (shapeshifter) (Vaults:3)
  13 wraiths
  73 yaks
  11 golden eyes
  17 humans
  7 neqoxecs
  A steam dragon (D:15)
  3 wyverns
  8 chaos spawn
  12 hippogriffs
  10 vampire mosquitoes
  4 hogs
  Edmund (D:5)
  49 nagas
  3 mottled dragons
  A soldier ant (shapeshifter) (Abyss:2)
  8 wargs
  6 hungry ghosts
  A naga (shapeshifter) (Depths:2)
  10 hell hounds
  10 water moccasins
  A soldier ant (D:12)
  A giant eyeball (Depths:3)
  A human skeleton (Depths:1)
  6 porcupines
  An eye of draining (shapeshifter) (Vaults:3)
  3 sky beasts
  14 black bears
  40 orc warriors
  21 ice beasts
  15 wasps
  2 black bears (shapeshifter)
  4 phantoms
  A black mamba simulacrum (Abyss:3)
  3 necrophages
  83 ogres
  19 wolves
  A centaur (shapeshifter) (Vaults:2)
  6 eyes of draining
  12 boggarts
  12 centaurs
  A big kobold (D:10)
  11 crocodiles
  Blork the orc (D:6)
  3 elf zombies (Elf:1)
  16 giant frogs
  A cyclops zombie (Crypt:1)
  A gnoll sergeant (D:13)
  10 small abominations
  2 earth elementals
  A wyvern zombie (D:12)
  A wyvern skeleton (D:13)
  A water moccasin zombie (Crypt:2)
  5 scorpions
  A snapping turtle simulacrum (Crypt:1)
  47 killer bees
  10 wights
  5 electric eels
  7 howler monkeys
  9 crimson imps
  6 giant frog zombies
  5 quasits
  5 lava snakes
  3 jellies
  23 hounds
  21 orc wizards
  2 black bear skeletons (Crypt:2)
  2 giant frog skeletons
  An iron imp (Abyss:2)
  16 orc priests
  4 centaur skeletons
  A basilisk skeleton (Crypt:3)
  Ijyb (D:3)
  7 iguanas
  13 worker ants
  A porcupine skeleton (Crypt:3)
  25 sheep
  A crocodile zombie (Crypt:1)
  An ogre zombie (Crypt:3)
  A dwarf skeleton (Crypt:1)
  A big kobold skeleton (Crypt:2)
  2 worker ant zombies
  A hell rat skeleton (Crypt:2)
  15 gnolls
  34 river rats
  9 adders
  4 shadow imps
  13 white imps
  An ufetubus (Abyss:3)
  A halfling zombie (Crypt:1)
  3 adder skeletons
  An iguana skeleton (Crypt:1)
  2 dart slugs
  A worm (D:2)
  4 giant geckos
  78 orcs
  2 ball pythons
  7 giant cockroaches
  11 goblins
  9 hobgoblins
  10 jackals
  6 quokkas
  11 bats
  A giant gecko skeleton (D:4)
  4 giant newts
  10 kobolds
  A quokka skeleton (D:5)
  8 rats
  A rat skeleton (Crypt:2)
  2 crawling corpses (Vaults:5)
  A fungus (Lair:1)
  3 plants
  2 starspawn tentacles
  3 tentacles (Shoals:4)
2949 creatures vanquished.

Vanquished Creatures (collateral kills)
  An acid blob (Slime:5)
  A fire giant (Depths:3)
  A spriggan defender (Depths:1)
  A death ooze (Slime:5)
4 creatures vanquished.

Vanquished Creatures (others)
  A warmonger (Pan)
  A blood saint (Pan)
  A starcursed mass (Abyss:3)
  A black sun (Pan)
  A flayed ghost (Abyss:3)
  A deep elf mage (Elf:3)
  A worldbinder (Abyss:3)
  A merfolk (Shoals:4)
  A human (Shoals:1)
  A hog (Shoals:1)
  A chaos spawn (Pan)
  A large abomination (Abyss:3)
  3 small abominations
  2 boggarts
  3 killer bees
  A shadow imp (Abyss:2)
  2 orcs (D:11)
  2 briar patches (Abyss:3)
  3 fungi
  A lurking horror (Abyss:3)
  23 plants
  12 starspawn tentacles
  5 tentacles (Shoals:4)
69 creatures vanquished.

Grand Total: 3022 creatures vanquished

Notes
Turn   | Place    | Note
-------+----------+-------------------------------------------
     0 | Abyss:1  | Gorice the Demonspawn Abyssal Knight began the quest for the Orb.
     0 | Abyss:1  | Reached XP level 1. HP: 18/18 MP: 2/2
    12 | D:1      | Escaped the Abyss
    68 | D:1      | Found a snail-covered altar of Cheibriados.
    77 | D:1      | Reached skill level 2 in Long Blades
   307 | D:1      | Gained mutation: You are immune to rotting. [demonic ancestry]
   307 | D:1      | Reached XP level 2. HP: 24/24 MP: 3/3
   346 | D:1      | Reached ** piety under Lugonu
   666 | D:2      | Reached skill level 3 in Long Blades
   796 | D:2      | Reached XP level 3. HP: 29/29 MP: 4/4
   810 | D:2      | Found a blossoming altar of Fedhas.
   811 | D:2      | Noticed an oklob plant
   981 | D:2      | Found a burning altar of Makhleb.
   981 | D:2      | Noticed a blizzard demon
  1379 | D:2      | HP: 8/29 [poisoned by an adder]
  1957 | D:3      | Gained mutation: You are partially covered in large bone plates. (AC +2, SH +2) [demonic ancestry]
  1957 | D:3      | Reached XP level 4. HP: 35/35 MP: 5/5
  1991 | D:3      | Found a faded altar of an unknown god.
  1997 | D:3      | Noticed Ijyb
  2020 | D:3      | Killed Ijyb
  2020 | D:3      | Reached skill level 4 in Long Blades
  2392 | D:2      | Reached XP level 5. HP: 25/41 MP: 6/6
  2679 | D:3      | Reached *** piety under Lugonu
  2928 | D:3      | Reached skill level 5 in Long Blades
  3042 | D:4      | Noticed a phantom
  3126 | D:4      | Killed a phantom
  3126 | D:4      | Reached skill level 3 in Invocations
  3185 | D:4      | Found an oddly glowing altar of Pakellas.
  3259 | D:4      | Gained mutation: You may emit foul miasma when damaged in melee. [demonic ancestry]
  3259 | D:4      | Reached XP level 6. HP: 43/47 MP: 8/8
  3618 | D:4      | Found a staircase to the Ecumenical Temple.
  3645 | Temple   | Entered the Ecumenical Temple
  3986 | D:4      | Reached skill level 6 in Long Blades
  3986 | D:4      | Reached skill level 4 in Invocations
  4008 | D:4      | HP: 13/47 [orc/trident (2)]
  4533 | D:5      | Entered Level 5 of the Dungeon
  4562 | D:5      | Noticed Edmund
  4743 | D:5      | Reached XP level 7. HP: 45/52 MP: 10/10
  4800 | D:5      | Reached **** piety under Lugonu
  4862 | D:5      | Got a slimy ivory ring
  4914 | D:5      | Identified the ring "Igaschel" {Wiz rF+ Str+4 Dex-2} (You found it on level 5 of the Dungeon)
  4957 | D:5      | Reached skill level 7 in Long Blades
  5202 | D:5      | Killed Edmund
  5202 | D:5      | Reached skill level 5 in Invocations
  5523 | D:5      | Noticed Prince Ribbit
  5532 | D:5      | Killed Prince Ribbit
  5532 | D:5      | Reached skill level 6 in Invocations
  5544 | D:5      | Got a pitted dagger
  5608 | D:5      | Gained mutation: Your flesh is cold resistant. (rC+) [demonic ancestry]
  5608 | D:5      | Reached XP level 8. HP: 58/58 MP: 12/12
  5909 | D:6      | Reached skill level 8 in Long Blades
  6219 | D:6      | Noticed Blork the orc
  6236 | D:6      | Killed Blork the orc
  6236 | D:6      | Reached skill level 7 in Invocations
  6372 | D:6      | Found Peas's Assorted Antiques.
  6375 | D:6      | Bought a bubbling brown potion for 22 gold pieces
  6375 | D:6      | Bought a scorched steel ring for 125 gold pieces
  6375 | D:6      | Identified the ring "Biheuc" {Ice Stlth+} (You bought it in a shop on level 6 of the Dungeon)
  6550 | D:7      | Reached skill level 9 in Long Blades
  6651 | D:7      | Found Dyjagi Deto's Book Emporium.
  6854 | D:7      | Reached skill level 8 in Invocations
  6904 | D:7      | HP: 10/58 [ogre/giant spiked club (20)]
  6906 | D:7      | Reached skill level 2 in Armour
  7036 | D:7      | Gained mutation: You have a pair of small horns on your head. [demonic ancestry]
  7036 | D:7      | Reached XP level 9. HP: 59/63 MP: 15/15
  7956 | D:8      | Got a bloodstained chain mail
  7972 | D:8      | Identified the +2 chain mail of Impermeability {rF+} (You found it on level 8 of the Dungeon)
  8125 | D:8      | Reached ***** piety under Lugonu
  8182 | D:8      | Reached skill level 10 in Long Blades
  8207 | D:8      | Found a staircase to the Lair.
  8339 | D:8      | Reached skill level 3 in Armour
  8566 | D:9      | Noticed a deep elf mage
  8604 | D:9      | HP: 18/63 [rock wall collision (8)]
  8606 | D:9      | HP: 6/63 [deep elf mage/orb of energy (12)]
  8703 | D:9      | Found Muche's Magic Scroll Boutique.
  8707 | D:9      | Bought a scroll of fear for 42 gold pieces
  8707 | D:9      | Bought a scroll of blinking for 90 gold pieces
  8707 | D:9      | Bought a scroll of identify for 24 gold pieces
  8708 | D:9      | Bought a scroll of identify for 24 gold pieces
  8754 | D:9      | Found Taniatee's General Store.
  8846 | D:9      | Reached skill level 4 in Armour
  8856 | D:9      | Found Raubb's Jewellery Boutique.
  8880 | D:9      | You fall through a shaft for 2 floors!
  8880 | D:11     | Noticed a hill giant
  8882 | D:11     | Noticed a cyan ugly thing
  8943 | D:11     | Reached skill level 11 in Long Blades
  9094 | D:10     | Entered Level 10 of the Dungeon
  9094 | D:10     | Found a staircase to the Orcish Mines.
  9209 | D:9      | Gained mutation: You frequently emit foul miasma when damaged in melee. [demonic ancestry]
  9209 | D:9      | Reached XP level 10. HP: 60/70 MP: 16/16
  9294 | D:9      | Killed a deep elf mage
  9294 | D:9      | Reached skill level 5 in Armour
  9934 | D:10     | Noticed a green ugly thing
  9965 | D:10     | Paralysed by fainting for 8 turns
  9982 | D:10     | Noticed a hill giant
 10045 | D:10     | Paralysed by fainting for 11 turns
 10108 | D:10     | Reached skill level 12 in Long Blades
 10198 | D:10     | Reached skill level 6 in Armour
 10232 | D:10     | Killed a green ugly thing
 10238 | D:10     | HP: 21/70 [poisoned by a green ugly thing]
 10243 | D:10     | HP: 21/70 [poisoned by a green ugly thing]
 10250 | D:10     | HP: 13/70 [poisoned by a green ugly thing]
 10257 | D:10     | HP: 16/70 [poisoned by a green ugly thing]
 10261 | D:10     | Noticed a five-headed hydra
 10265 | D:10     | HP: 19/70 [poisoned by a green ugly thing]
 10416 | D:10     | Noticed Joseph
 10451 | D:10     | Killed Joseph
 10527 | D:10     | Found a burning altar of Makhleb.
 10528 | D:10     | Noticed a hill giant
 10540 | D:10     | Killed a hill giant
 10583 | D:10     | Reached skill level 7 in Armour
 10666 | Lair:1   | Entered Level 1 of the Lair of Beasts
 10847 | Lair:1   | Reached XP level 11. HP: 66/75 MP: 17/17
 11097 | Lair:1   | Reached ****** piety under Lugonu
 11261 | Lair:1   | HP: 22/75 [yak (8)]
 11270 | Lair:1   | HP: 14/75 [yak (8)]
 11308 | Lair:1   | HP: 22/75 [river rat (7)]
 11455 | Lair:1   | Reached skill level 8 in Armour
 11573 | Lair:1   | Noticed a five-headed hydra
 11582 | Lair:1   | Killed a five-headed hydra
 11582 | Lair:1   | Reached skill level 13 in Long Blades
 12378 | Lair:2   | Found a staircase to the Shoals.
 12400 | Lair:2   | Noticed a catoblepas
 12415 | Lair:2   | Killed a catoblepas
 12437 | Lair:2   | Found a labyrinth entrance.
 12449 | Lab      | Entered a labyrinth
 12548 | Lab      | Noticed a minotaur
 12561 | Lab      | HP: 18/75 [minotaur/iron rod (13)]
 12562 | Lab      | HP: 5/75 [minotaur/iron rod (13)]
 12564 | Lab      | Killed a minotaur
 12564 | Lab      | Reached skill level 9 in Armour
 12566 | Lab      | Got a sparkling pewter amulet
 12567 | Lab      | Got a steaming plate armour
 12589 | Lab      | Identified the cursed +0 plate armour "Jeususyc" {Int+3} (You took it off a minotaur in a labyrinth)
 12589 | Lab      | Identified the amulet "Testrogua" {Regen+ Str+5} (You took it off a minotaur in a labyrinth)
 12657 | Lair:2   | Found a dark tunnel.
 12670 | Volcano  | Entered a volcano
 12702 | Volcano  | Got a shimmering fire dragon armour
 12722 | Volcano  | Identified the +5 fire dragon armour of the Great Game {rF++ rC- Stlth+} (You found it in a volcano)
 12907 | Volcano  | Noticed a deep elf mage
 12917 | Volcano  | HP: 2/75 [deep elf mage/bolt of lightning (33)]
 12923 | Volcano  | Killed a deep elf mage
 13544 | Lair:2   | Gained mutation: You are mostly covered in large bone plates. (AC +3, SH +3) [demonic ancestry]
 13544 | Lair:2   | Reached XP level 12. HP: 81/81 MP: 18/18
 13797 | Lair:2   | Reached skill level 10 in Armour
 13867 | Lair:2   | Reached skill level 14 in Long Blades
 14166 | Lair:3   | Reached skill level 4 in Fighting
 14451 | Lair:3   | Reached skill level 5 in Fighting
 14792 | Lair:4   | Reached skill level 6 in Fighting
 14792 | Lair:4   | Reached skill level 11 in Armour
 14916 | Lair:4   | Noticed a seven-headed hydra
 14917 | Lair:4   | Noticed a five-headed hydra
 14939 | Lair:4   | Killed a two-headed hydra
 14947 | Lair:4   | Killed a one-headed hydra
 15030 | Lair:4   | Reached skill level 7 in Fighting
 15131 | Lair:4   | Found a staircase to the Snake Pit.
 15184 | Lair:4   | Noticed a four-headed hydra
 15197 | Lair:4   | Killed a one-headed hydra
 15516 | Lair:4   | Got a wavering ivory amulet
 16044 | Lair:5   | Gained mutation: You are immune to freezing clouds. [demonic ancestry]
 16044 | Lair:5   | Reached XP level 13. HP: 96/98 MP: 19/19
 16124 | Lair:5   | Reached skill level 8 in Fighting
 16357 | Lair:5   | Reached skill level 12 in Armour
 16668 | Lair:6   | Entered Level 6 of the Lair of Beasts
 16983 | Lair:6   | Reached skill level 9 in Fighting
 17002 | Lair:6   | Identified the amulet of the Nightingale {Reflect rN+ SH+4 Stlth+} (You found it on level 4 of the Lair of Beasts)
 17402 | Lair:6   | Reached skill level 10 in Fighting
 17422 | Lair:6   | Reached skill level 13 in Armour
 17540 | Lair:6   | Got a brightly glowing plate armour
 17554 | Lair:6   | Identified the cursed +1 plate armour "Voqaebic" {+Blink rN+ Str+2} (You found it on level 6 of the Lair of Beasts)
 18043 | Lair:6   | Reached skill level 11 in Fighting
 18058 | Lair:6   | Gained mutation: A meltable icy envelope protects you from harm. (AC +10) [demonic ancestry]
 18058 | Lair:6   | Reached XP level 14. HP: 111/113 MP: 20/20
 18365 | Lair:6   | Found a viscous altar of Jiyva.
 18366 | Lair:6   | Found a staircase to the Slime Pits.
 18820 | Orc:1    | Entered Level 1 of the Orcish Mines
 18839 | Orc:1    | Found Ziolugh's Gadget Boutique.
 19123 | Orc:2    | Entered Level 2 of the Orcish Mines
 19123 | Orc:2    | Found a roughly hewn altar of Beogh.
 19259 | Orc:1    | Noticed flowsnake's ghost (journeyman DDFi)
 19307 | Orc:1    | Killed flowsnake's ghost
 19711 | Orc:2    | Found a staircase to the Elven Halls.
 19716 | Orc:2    | Found Fintuaho's Jewellery Emporium.
 19888 | Orc:2    | Reached skill level 14 in Armour
 20254 | Orc:2    | Reached skill level 12 in Fighting
 20284 | Orc:2    | Reached skill level 1 in Dodging
 20371 | Orc:2    | Reached skill level 2 in Dodging
 20413 | Orc:2    | HP: 30/115 [ettin/dire flail (25)]
 20695 | Orc:2    | Paralysed by an ogre mage for 2 turns
 20702 | Orc:2    | Reached skill level 3 in Dodging
 20881 | Orc:2    | Found Tuuppu's Jewellery Shoppe.
 20883 | Orc:2    | Found Ytygh's Antique Armour Shop.
 20888 | Orc:2    | Found Joqokaj's Antique Weapon Shoppe.
 20958 | Orc:2    | Reached skill level 4 in Dodging
 21107 | Orc:1    | Bought a wand of heal wounds (6/9) for 1020 gold pieces
 21960 | D:10     | Reached skill level 13 in Fighting
 22173 | D:11     | Learned a level 1 spell: Apportation
 22179 | D:11     | Learned a level 2 spell: Blink
 22263 | D:11     | Learned a level 1 spell: Summon Butterflies
 22318 | D:11     | Reached skill level 5 in Dodging
 23504 | D:13     | Gained mutation: You have a pair of horns on your head. [demonic ancestry]
 23504 | D:13     | Reached XP level 15. HP: 102/124 MP: 21/21
 23540 | D:13     | Found a frozen archway.
 23572 | IceCv    | Entered an ice cave
 23666 | IceCv    | Reached skill level 6 in Dodging
 24210 | D:13     | Found a gate to the Vaults.
 24497 | D:13     | Reached skill level 14 in Fighting
 24497 | D:13     | Reached skill level 7 in Dodging
 25415 | D:13     | Reached skill level 8 in Dodging
 25456 | D:13     | Got a smoking chain mail
 25985 | Lair:1   | Identified the cursed +1 chain mail of the Insatiable Mice {rN+ MR+ Str+3} (You found it on level 13 of the Dungeon)
 26284 | D:14     | Noticed Sonja
 26296 | D:14     | Killed Sonja
 26389 | D:14     | Reached skill level 15 in Fighting
 26389 | D:14     | Reached skill level 9 in Dodging
 26470 | D:14     | Reached skill level 1 in Evocations
 26478 | D:14     | Noticed Nessos
 26618 | D:14     | Killed Nessos
 26618 | D:14     | Reached skill level 2 in Evocations
 26695 | D:14     | Found a sacrificial altar of Ru.
 26902 | D:15     | Entered Level 15 of the Dungeon
 26968 | D:15     | Reached skill level 3 in Evocations
 27026 | D:15     | Reached XP level 16. HP: 136/136 MP: 22/22
 27161 | D:15     | Reached skill level 4 in Evocations
 27328 | D:15     | Reached skill level 10 in Dodging
 27452 | D:15     | Reached skill level 5 in Evocations
 27533 | D:15     | Found a staircase to the Depths.
 28224 | Snake:1  | Entered Level 1 of the Snake Pit
 28342 | Snake:1  | Reached skill level 6 in Evocations
 28486 | Snake:1  | Noticed Aizul
 28594 | Snake:1  | Killed Aizul
 28639 | Snake:1  | Found Scan's Superlative Supplies.
 28685 | Snake:1  | Bought an uncursed ring of see invisible for 240 gold pieces
 28701 | Snake:1  | Reached skill level 11 in Dodging
 28756 | Snake:1  | Noticed Louise
 28780 | Snake:1  | Cast into level 3 of the Abyss (Louise)
 28860 | Abyss:3  | Noticed a tentacled starspawn
 28881 | Abyss:3  | Reached skill level 1 in Stealth
 28909 | Abyss:3  | Killed a tentacled starspawn
 28909 | Abyss:3  | Reached skill level 2 in Stealth
 28989 | Abyss:3  | Reached skill level 3 in Stealth
 29143 | Abyss:3  | Reached skill level 4 in Stealth
 29211 | Abyss:3  | Paralysed by accursed screaming for 1 turns
 29231 | Abyss:3  | Paralysed by accursed screaming for 1 turns
 29239 | Abyss:3  | Paralysed by accursed screaming for 1 turns
 29250 | Abyss:3  | Paralysed by accursed screaming for 2 turns
 29251 | Abyss:3  | HP: 38/136 [starcursed mass/accursed screaming (9)]
 29254 | Abyss:3  | HP: 18/136 [starcursed mass (10)]
 29263 | Abyss:3  | Found a corrupted altar of Lugonu.
 29433 | Snake:1  | Escaped the Abyss
 29470 | Snake:1  | Killed Louise
 29594 | Snake:1  | Found Umpeidit's General Store.
 29645 | Snake:1  | Reached skill level 7 in Evocations
 30694 | Snake:2  | Reached skill level 8 in Evocations
 31070 | Snake:2  | Noticed Nikola
 31089 | Snake:2  | Killed Nikola
 31089 | Snake:2  | Reached skill level 12 in Dodging
 31089 | Snake:2  | Gained mutation: You resist negative energy. (rN+) [demonic ancestry]
 31089 | Snake:2  | Reached XP level 17. HP: 130/142 MP: 23/23
 31384 | Snake:3  | Gained mutation: You can translocate small distances at will. [potion of beneficial mutation]
 31542 | Snake:3  | Reached skill level 9 in Evocations
 31858 | Snake:3  | Noticed Vashnia
 32080 | Snake:3  | Killed Vashnia
 32379 | Snake:3  | Found Cilalued's Jewellery Shop.
 32697 | Snake:3  | Reached skill level 10 in Evocations
 32993 | Shoals:1 | Entered Level 1 of the Shoals
 33002 | Shoals:1 | Noticed Kirke
 33034 | Shoals:1 | Killed Kirke
 33084 | Shoals:1 | Reached skill level 13 in Dodging
 33639 | Shoals:2 | Noticed 4thArraOfDagon's ghost (journeyman DEFE)
 33861 | Shoals:2 | Found a hazy altar of Hepliaklqana.
 33887 | Shoals:2 | Reached skill level 11 in Evocations
 34218 | Shoals:2 | Killed 4thArraOfDagon's ghost
 34726 | Shoals:3 | HP: 37/142 [merfolk/trident (20)]
 34728 | Shoals:3 | HP: 12/142 [merfolk/trident (26)]
 34728 | Shoals:3 | HP: 3/142 [cyclops (9)]
 34897 | Shoals:2 | Upgraded the game from 0.19-a0-1091-g463c9de to 0.19-a0-1097-g38e3b35
 34905 | Shoals:3 | Noticed Jorgrun
 34978 | Shoals:2 | Killed Jorgrun
 34978 | Shoals:2 | Reached skill level 14 in Dodging
 34978 | Shoals:2 | Gained mutation: You are somewhat able to resist unholy torments (1 in 2 success). [demonic ancestry]
 34978 | Shoals:2 | Reached XP level 18. HP: 68/149 MP: 26/26
 35252 | Shoals:3 | Reached skill level 12 in Evocations
 35347 | Shoals:3 | Noticed Polyphemus
 35365 | Shoals:3 | HP: 42/149 [Polyphemus/large rock (30)]
 35366 | Shoals:3 | HP: 12/149 [Polyphemus/large rock (32)]
 35376 | Shoals:3 | HP: 27/149 [Polyphemus (23)]
 35382 | Shoals:3 | HP: 1/149 [Polyphemus (23)]
 35410 | Shoals:3 | Noticed Bai Suzhen
 35878 | Snake:4  | Entered Level 4 of the Snake Pit
 36437 | Snake:4  | Reached skill level 15 in Dodging
 37018 | Snake:4  | Got a ring of the Octopus King
 37150 | Snake:4  | Reached skill level 16 in Dodging
 37370 | Snake:4  | Reached skill level 1 in Translocations
 37525 | Snake:4  | Reached skill level 1 in Spellcasting
 37559 | Snake:4  | Reached skill level 5 in Stealth
 37559 | Snake:4  | Reached skill level 2 in Translocations
 37712 | Snake:4  | Reached skill level 2 in Spellcasting
 37812 | Snake:4  | Reached skill level 3 in Translocations
 38041 | Snake:4  | Reached skill level 4 in Translocations
 38096 | Snake:4  | Got a serpentine rune of Zot
 38111 | Snake:4  | Identified a ring of the Octopus King {SustAt AC+1 EV+1 Str+1 Int+1 Dex+1} (You took it off a naga sharpshooter on level 4 of the Snake Pit)
 38512 | Shoals:3 | Reached skill level 3 in Spellcasting
 38590 | Shoals:3 | Killed Polyphemus
 38695 | Shoals:4 | Entered Level 4 of the Shoals
 38723 | Shoals:4 | Reached XP level 19. HP: 155/155 MP: 28/28
 38728 | Shoals:4 | Reached skill level 6 in Stealth
 38754 | Shoals:4 | Reached skill level 5 in Translocations
 39075 | Shoals:4 | Noticed Ilsuiw
 39319 | Shoals:3 | Killed Ilsuiw
 39503 | Shoals:4 | Reached skill level 4 in Spellcasting
 39588 | Shoals:4 | Upgraded the game from 0.19-a0-1097-g38e3b35 to 0.19-a0-1107-gc676ff4
 39607 | Shoals:4 | Reached skill level 6 in Translocations
 39856 | Shoals:4 | Got a barnacled rune of Zot
 39928 | Shoals:4 | Reached skill level 7 in Stealth
 40240 | Shoals:4 | Reached skill level 7 in Translocations
 40365 | Shoals:4 | Reached skill level 5 in Spellcasting
 40498 | Shoals:3 | Killed Bai Suzhen
 40893 | Vaults:1 | Entered Level 1 of the Vaults
 41017 | Vaults:1 | Reached skill level 8 in Translocations
 41087 | Vaults:1 | Reached skill level 1 in Summonings
 41285 | Vaults:1 | Reached skill level 2 in Summonings
 41350 | Vaults:1 | Reached skill level 6 in Spellcasting
 41459 | Vaults:1 | Reached skill level 8 in Stealth
 41459 | Vaults:1 | Reached skill level 3 in Summonings
 41831 | Vaults:1 | Reached skill level 4 in Summonings
 41921 | Vaults:1 | Noticed Saint Roka
 41935 | Vaults:1 | HP: 34/155 [ice dragon/blast of cold (49)]
 41943 | Vaults:1 | HP: 40/155 [ice dragon/blast of cold (9)]
 42357 | Vaults:1 | Reached XP level 20. HP: 122/162 MP: 30/30
 42454 | Vaults:1 | Reached skill level 7 in Spellcasting
 42879 | Vaults:1 | Reached skill level 5 in Summonings
 42929 | Vaults:1 | Killed Saint Roka
 43186 | Vaults:2 | Found Bomeha's Assorted Antiques.
 43739 | Vaults:2 | Reached skill level 6 in Summonings
 43767 | Vaults:2 | Reached skill level 15 in Long Blades
 44568 | Vaults:2 | Reached skill level 7 in Summonings
 44934 | Vaults:3 | Found a stormy altar of Qazlal.
 44964 | Vaults:3 | Noticed Donald
 44971 | Vaults:3 | Killed Donald
 45239 | Vaults:3 | Reached skill level 16 in Long Blades
 45249 | Vaults:3 | HP: 30/162 [vault warden/enchanted glaive (25)]
 45257 | Vaults:3 | HP: 18/162 [stone giant (5)]
 45323 | Vaults:3 | HP: 43/162 [vault warden/enchanted glaive (16)]
 45721 | Vaults:3 | Found a staircase to the Crypt.
 45920 | Vaults:3 | Found Agoviv's Distillery.
 45947 | Vaults:3 | Bought a potion of heal wounds for 60 gold pieces
 45947 | Vaults:3 | Bought a potion of heal wounds for 60 gold pieces
 46595 | Vaults:4 | Found an opulent altar of Gozag.
 46763 | Vaults:4 | Reached skill level 17 in Long Blades
 46793 | Vaults:4 | Gained mutation: You have a pair of large horns on your head. [demonic ancestry]
 46793 | Vaults:4 | Reached XP level 21. HP: 149/168 MP: 31/31
 48101 | Lair:1   | Learned a level 3 spell: Portal Projectile
 48107 | Lair:1   | Learned a level 5 spell: Aura of Abjuration
 48112 | Lair:1   | Learned a level 4 spell: Passage of Golubria
 48296 | Elf:1    | Entered Level 1 of the Elven Halls
 49027 | Elf:1    | Identified Kikubaaqudgha's Grimoire of Darkness
 49033 | Elf:1    | Learned a level 3 spell: Regeneration
 49178 | Elf:2    | Reached skill level 15 in Armour
 49349 | Elf:2    | Found Efree's Antique Weapon Shop.
 49450 | Elf:2    | Found Linn's Antique Armour Shop.
 49561 | Elf:2    | Found a runed gate.
 49567 | Elf:2    | Found a runed gate.
 49569 | Elf:2    | Found a runed gate.
 49807 | Elf:2    | Reached skill level 18 in Long Blades
 49882 | Elf:2    | Reached skill level 1 in Throwing
 49990 | Elf:2    | Reached skill level 2 in Throwing
 50319 | Elf:3    | Entered Level 3 of the Elven Halls
 50457 | Elf:3    | Reached skill level 3 in Throwing
 51056 | Elf:3    | Reached skill level 4 in Throwing
 51157 | Elf:3    | Reached skill level 16 in Armour
 51173 | Elf:3    | HP: 45/168 [Ice Fiend[a deep elf demonologist] (14)]
 51173 | Elf:3    | HP: 6/168 [Ice Fiend[a deep elf demonologist] (39)]
 51542 | Elf:3    | Reached skill level 5 in Throwing
 51542 | Elf:3    | Reached XP level 22. HP: 138/175 MP: 32/32
 51656 | Elf:3    | HP: 46/175 [deep elf annihilator/iron shot (47)]
 51664 | Elf:3    | HP: 44/175 [deep elf elementalist/fireball (7)]
 51670 | Elf:3    | Got a scintillating tin ring
 51906 | Elf:3    | Reached skill level 6 in Throwing
 51923 | Elf:3    | Identified the Grimoire of Hexes
 51978 | Elf:3    | Learned a level 2 spell: Repel Missiles
 52011 | Elf:3    | Reached skill level 9 in Stealth
 52079 | Elf:3    | Identified the ring "Faegaef" {rF+ AC+1 Str+6} (You took it off a deep elf elementalist on level 3 of the Elven Halls)
 52113 | Elf:3    | Got a vibrating lead ring
 52134 | Elf:3    | Identified the ring "Vigibb" {Str+5 Int+2} (You found it on level 3 of the Elven Halls)
 52138 | Elf:3    | Identified Uroafekh's Spellcasting, Part One
 52171 | Elf:3    | Got a brightly glowing ring mail
 52182 | Elf:3    | Identified the +5 ring mail of Benevolence {MP+9 Dex+3} (You found it on level 3 of the Elven Halls)
 52194 | Elf:3    | Identified the Disquisition on Feathery Attacks
 52196 | Elf:3    | Identified Olitteax's Catalogue of Doomed Clay
 52308 | Elf:3    | Reached skill level 1 in Charms
 52308 | Elf:3    | Reached skill level 1 in Necromancy
 52724 | Orc:2    | Bought a smoking fire dragon armour for 2470 gold pieces
 52734 | Orc:2    | Identified the cursed +1 fire dragon armour of Disappointment {rPois rF++ rC- Str-5 Dex+4 Stlth+} (You bought it in a shop on level 2 of the Orcish Mines)
 52734 | Orc:2    | --Never was an artifact more aptly named!
 52943 | Lair:1   | Learned a level 2 spell: Swiftness
 53203 | Crypt:1  | Entered Level 1 of the Crypt
 53302 | Crypt:1  | Reached skill level 2 in Necromancy
 53343 | Crypt:1  | Reached skill level 2 in Charms
 53354 | Crypt:1  | HP: 51/175 [skeletal warrior/glaive[a skeletal warrior] (11)]
 53601 | Crypt:1  | HP: 36/175 [flayed ghost/flay_damage[a death knight] (19)]
 53605 | Crypt:1  | Reached skill level 7 in Throwing
 53670 | Crypt:1  | Reached skill level 3 in Necromancy
 54150 | Crypt:1  | Reached skill level 3 in Charms
 54527 | Crypt:2  | Reached skill level 4 in Necromancy
 54739 | Crypt:2  | Reached skill level 4 in Charms
 54794 | Crypt:2  | Reached skill level 5 in Necromancy
 55072 | Crypt:2  | HP: 41/175 [??? (25)]
 55081 | Crypt:2  | Reached skill level 8 in Throwing
 55523 | Crypt:2  | Reached skill level 6 in Necromancy
 55840 | Crypt:3  | Entered Level 3 of the Crypt
 55891 | Crypt:3  | Reached skill level 5 in Charms
 56000 | Crypt:3  | Found a staircase to the Tomb.
 56048 | Crypt:3  | Noticed a curse toe
 56086 | Crypt:3  | Killed a curse toe
 56107 | Crypt:3  | Reached skill level 7 in Necromancy
 56449 | Crypt:3  | Reached skill level 9 in Throwing
 56449 | Crypt:3  | Reached skill level 6 in Charms
 56598 | Crypt:3  | Noticed an ancient lich
 56600 | Crypt:3  | --wow they've doubled up the liches!
 56859 | Crypt:3  | Reached XP level 23. HP: 181/181 MP: 33/33
 57004 | Crypt:3  | Killed an ancient lich
 57004 | Crypt:3  | Reached skill level 8 in Necromancy
 57023 | Crypt:3  | Identified the Incunabulum of Agnosticism
 57028 | Crypt:3  | Got a translucent glass ring
 57032 | Crypt:3  | Got a smoking chain mail
 57048 | Crypt:3  | Identified the ring of Noon {+Inv MR+ Int+4} (You found it on level 3 of the Crypt)
 57049 | Crypt:3  | Identified the +7 chain mail of the Seven Souls {rElec rPois Str+5} (You found it on level 3 of the Crypt)
 57656 | Depths:1 | Entered Level 1 of the Depths
 57967 | Depths:1 | Reached skill level 7 in Charms
 58122 | Depths:1 | Found a hide-covered altar of Uskayaw.
 58194 | Depths:1 | Reached skill level 10 in Throwing
 58302 | Depths:1 | Found a one-way gate to the infinite horrors of the Abyss.
 58323 | Depths:1 | Found a gateway to Hell.
 58410 | Depths:1 | Cast into level 2 of the Abyss (spriggan defender)
 58440 | Depths:1 | Escaped the Abyss
 58767 | Depths:1 | Identified the Grimoire of Dislocation and Weightlessness
 58837 | Depths:1 | Reached skill level 8 in Charms
 59004 | Depths:1 | Upgraded the game from 0.19-a0-1107-gc676ff4 to 0.19-a0-1111-gcceb26a
 59445 | Depths:2 | Reached skill level 9 in Charms
 59605 | Depths:2 | Reached skill level 8 in Spellcasting
 59969 | Depths:2 | Got a faintly humming scale mail
 60094 | Depths:2 | Reached skill level 10 in Charms
 60320 | Depths:2 | Reached skill level 8 in Summonings
 60512 | Depths:2 | Identified the +3 scale mail "Syazem" {rPois rF++ Dex-3} (You found it on level 2 of the Depths)
 61036 | Elf:3    | Got a slimy buckler
 61043 | Elf:3    | Identified the cursed +0 buckler "Sazuz" {+Fly MR+ Int-4} (You took it off a deep elf elementalist on level 3 of the Elven Halls)
 61629 | Depths:3 | Reached skill level 9 in Spellcasting
 61704 | Depths:3 | Found a gateway to a ziggurat.
 61830 | Depths:3 | Reached skill level 9 in Summonings
 61850 | Depths:3 | Noticed Boris
 61856 | Depths:3 | Gained mutation: You are completely covered in large bone plates. (AC +4, SH +4) [demonic ancestry]
 61856 | Depths:3 | Reached XP level 24. HP: 188/188 MP: 36/36
 61871 | Depths:3 | Killed Boris
 62074 | Depths:3 | Paralysed by a giant eyeball for 4 turns
 62238 | Depths:3 | Reached skill level 10 in Summonings
 62245 | Depths:3 | Reached skill level 17 in Armour
 62267 | Depths:3 | Found a one-way gate leading to the halls of Pandemonium.
 62701 | Depths:3 | Reached skill level 10 in Spellcasting
 62938 | Depths:3 | Reached skill level 11 in Summonings
 63762 | Depths:4 | Found a runed door.
 63842 | Depths:4 | Paralysed by a sphinx for 5 turns
 63844 | Depths:4 | Noticed a juggernaut
 63862 | Depths:4 | Killed a juggernaut
 63890 | Depths:4 | Noticed Mennas
 63991 | Depths:4 | Reached skill level 12 in Summonings
 63998 | Depths:4 | Reached skill level 11 in Spellcasting
 64167 | Depths:4 | Killed Mennas
 64270 | Depths:4 | HP: 54/188 [poisoned by a golden dragon (poison gas)]
 64272 | Depths:4 | HP: 22/188 [poisoned by a golden dragon (poison gas)]
 64277 | Depths:4 | HP: 17/188 [poisoned by a golden dragon (poison gas)]
 64283 | Depths:4 | HP: 18/188 [poisoned by a golden dragon (poison gas)]
 64288 | Depths:4 | HP: 19/188 [poisoned by a golden dragon (poison gas)]
 64294 | Depths:4 | HP: 22/188 [poisoned by a golden dragon (poison gas)]
 64302 | Depths:4 | HP: 27/188 [poisoned by a golden dragon (poison gas)]
 64579 | Depths:4 | Gained mutation: Your melee attacks may debilitate your foes. [demonic ancestry]
 64579 | Depths:4 | Reached XP level 25. HP: 194/194 MP: 35/38
 64608 | Depths:4 | Reached skill level 18 in Armour
 65029 | Depths:4 | Reached skill level 12 in Spellcasting
 65666 | Depths:4 | Identified the Compendium of Cloudy Orientation
 65696 | Depths:4 | Got a crude cloak
 65707 | Depths:4 | Identified the +5 cloak of Calculation {rF++} (You found it on level 4 of the Depths)
 65887 | Depths:5 | Entered Level 5 of the Depths
 66047 | Depths:5 | Found a gate to the Realm of Zot.
 66287 | Depths:5 | Reached skill level 13 in Spellcasting
 66905 | Depths:5 | Reached skill level 17 in Dodging
 67039 | Depths:5 | Got a ruby-encrusted scale mail
 67562 | D:15     | Identified the +6 scale mail of Estut {MR+} (You found it on level 5 of the Depths)
 67780 | Lair:1   | Learned a level 6 spell: Shadow Creatures
 67786 | Lair:1   | Learned a level 5 spell: Dispel Undead
 68110 | Vaults:5 | Entered Level 5 of the Vaults
 68315 | Vaults:4 | Reached skill level 18 in Dodging
 68467 | Vaults:5 | Got a silver rune of Zot
 68521 | Vaults:5 | Reached skill level 13 in Summonings
 68521 | Vaults:5 | Reached skill level 9 in Necromancy
 68622 | Vaults:5 | Got a scintillating brass amulet
 68628 | Vaults:5 | Identified the amulet "Kafosh" {rC+ Regen+} (You found it on level 5 of the Vaults)
 68688 | Vaults:5 | Reached XP level 26. HP: 201/201 MP: 40/40
 68747 | Vaults:5 | Reached skill level 10 in Necromancy
 68856 | Vaults:5 | Noticed an ancient lich
 68867 | Vaults:5 | Killed an ancient lich
 69092 | Vaults:5 | Reached skill level 14 in Summonings
 69092 | Vaults:5 | Reached skill level 11 in Necromancy
 69430 | Vaults:5 | Reached skill level 12 in Necromancy
 69662 | Vaults:5 | Got a brightly glowing shield
 69669 | Vaults:5 | Identified the cursed +0 shield "Potaas" {rPois rF- rN+ rCorr} (You found it on level 5 of the Vaults)
 69835 | Vaults:5 | Reached skill level 15 in Summonings
 69897 | Vaults:5 | Learned a level 5 spell: Cigotuvi's Embrace
 70114 | Vaults:5 | Got a warped great sword {drain}
 70115 | Vaults:5 | Identified the +5 great sword of Contradiction {drain, rElec rC+ Str+3} (You took it off a vault warden on level 5 of the Vaults)
 70324 | Vaults:5 | Reached skill level 13 in Necromancy
 70400 | Vaults:5 | Reached skill level 16 in Summonings
 72120 | Snake:3  | Bought a +5 ring of slaying for 2274 gold pieces
 72435 | Slime:1  | Entered Level 1 of the Pits of Slime
 72669 | Slime:5  | Entered Level 5 of the Pits of Slime
 72817 | Slime:5  | Reached XP level 27. HP: 124/207 MP: 40/40
 72895 | Slime:5  | Noticed the Royal Jelly
 72906 | Slime:5  | Found a viscous altar of Jiyva.
 72914 | Slime:5  | Killed the Royal Jelly
 73117 | Slime:5  | Gained mutation: Your mind is acute. (Int +2) [a shining eye]
 73153 | Slime:5  | Got a slimy rune of Zot
 73284 | Slime:5  | Identified Jewneinn's Tome of Evil Secrets and Companions
 73295 | Slime:5  | Got a faintly glowing marble ring
 73319 | Slime:5  | Identified the ring "Duppoip" {SustAt rN++ Stlth+} (You found it on level 5 of the Pits of Slime)
 73961 | Depths:1 | Voluntarily entered the Abyss.
 73977 | Abyss:1  | Reached skill level 10 in Stealth
 74218 | Abyss:2  | Found a deep blue altar of Sif Muna.
 74277 | Abyss:2  | Identified the Grimoire of the Frigorific Compass
 74321 | Abyss:2  | Paralysed by you for 2 turns
 74373 | Abyss:2  | Reached skill level 19 in Dodging
 74394 | Abyss:2  | Identified the Incunabulum of the Entourage
 74399 | Abyss:2  | Got a coiled amethyst amulet
 74400 | Abyss:2  | Identified the Almanac of Companions
 74404 | Abyss:2  | Got a wavering bronze ring
 74405 | Abyss:2  | Identified the amulet of Zoteduf {Dismiss rPois rF+ Int+2} (You found it on level 2 of the Abyss)
 74407 | Abyss:2  | Identified the ring of Salvation {SustAt rC+ Dex+3} (You found it on level 2 of the Abyss)
 75129 | Abyss:3  | Got an abyssal rune of Zot
 75324 | Abyss:3  | Reached skill level 11 in Throwing
 75344 | Abyss:3  | HP: 55/186 [sun demon[a balrug] (3)]
 75352 | Abyss:3  | HP: 59/207 [red devil/trident[a balrug] (1)]
 75365 | Abyss:3  | HP: 61/207 [lich/bolt of acid (9)]
 75568 | Abyss:3  | Paralysed by accursed screaming for 1 turns
 75586 | Abyss:3  | HP: 57/207 [starcursed mass/accursed screaming (12)]
 75591 | Abyss:3  | HP: 59/207 [starcursed mass (3)]
 75596 | Abyss:3  | HP: 50/207 [starcursed mass/accursed screaming (9)]
 75601 | Abyss:3  | HP: 51/207 [starcursed mass/accursed screaming (5)]
 75611 | Abyss:3  | HP: 42/207 [starcursed mass/accursed screaming (7)]
 75818 | Abyss:3  | Got a faintly humming chain mail
 75956 | Depths:1 | Escaped the Abyss
 76190 | Lair:1   | Identified the cursed +0 chain mail of the Sun {rPois rF+ Str+4} (You found it on level 3 of the Abyss)
 76456 | Snake:1  | Bought a potion of haste for 160 gold pieces
 76826 | Vaults:3 | Bought a potion of haste for 120 gold pieces
 76826 | Vaults:3 | Bought a potion of haste for 120 gold pieces
 76826 | Vaults:3 | Bought a potion of might for 48 gold pieces
 77033 | Depths:2 | Reached skill level 20 in Dodging
 77076 | Pan      | Entered Pandemonium
 77144 | Pan      | Noticed Raaklext the pandemonium lord
 77190 | Pan      | Killed Raaklext the pandemonium lord
 77192 | Pan      | HP: 58/207 [something (15)]
 77225 | Pan      | HP: 61/207 [reaper/scythe of protection (33)]
 77436 | Pan      | Found a huge runed gate.
 77499 | Pan      | Noticed Erphyobemp the pandemonium lord
 77529 | Pan      | Killed Erphyobemp the pandemonium lord
 77542 | Pan      | HP: 52/207 [monstrous warmonger (24)]
 77545 | Pan      | HP: 12/207 [monstrous warmonger (26)]
 77551 | Pan      | HP: 62/207 [Ice Fiend (10)]
 77553 | Pan      | HP: 20/207 [Ice Fiend/bolt of cold (18)]
 77560 | Pan      | HP: 41/207 [sixfirhy (4)]
 77820 | Pan      | Reached skill level 12 in Throwing
 77846 | Pan      | Noticed Avared the pandemonium lord
 77848 | Pan      | Gained mutation: Armour fits poorly on your strangely shaped body. [a cacodemon]
 77855 | Pan      | HP: 57/207 [Avared the pandemonium lord (14)]
 77861 | Pan      | HP: 58/207 [poisoned by a reaper]
 77867 | Pan      | HP: 56/207 [blizzard demon/bolt of cold (10)]
 77873 | Pan      | HP: 47/207 [poisoned by a reaper]
 77878 | Pan      | HP: 26/207 [blizzard demon/the air (7)]
 77883 | Pan      | HP: 19/207 [reaper/scythe of slicing (16)]
 77894 | Pan      | HP: 39/207 [something (20)]
 77900 | Pan      | HP: 31/207 [reaper/scythe of slicing (12)]
 77902 | Pan      | HP: 15/207 [something (15)]
 77904 | Pan      | HP: 5/207 [something (11)]
 77909 | Pan      | HP: 34/207 [something (5)]
 78117 | Pan      | HP: 60/207 [Avared the pandemonium lord (6)]
 78124 | Pan      | HP: 37/207 [Avared the pandemonium lord (6)]
 78129 | Pan      | Killed Avared the pandemonium lord
 78451 | Pan      | Gained mutation: You are frail. (-10% HP) [a cacodemon]
 78473 | Pan      | Reached skill level 21 in Dodging
 78622 | Pan      | Noticed Uboski the pandemonium lord
 78635 | Pan      | Killed Uboski the pandemonium lord
 78783 | Pan      | Identified a scroll of acquirement
 78813 | Pan      | Noticed Cocs the pandemonium lord
 78824 | Pan      | HP: 53/188 [??? (27)]
 78826 | Pan      | Found an exit through the horrors of the Abyss.
 78867 | Pan      | Took an exit into the Abyss.
 78867 | Abyss:1  | Escaped into the Abyss
 78897 | Abyss:1  | HP: 46/189 [starcursed mass/accursed screaming (12)]
 78901 | Abyss:1  | HP: 13/189 [profane servitor/enchanted whip (11)]
 78903 | Abyss:1  | HP: 6/189 [profane servitor/enchanted whip (4)]
 78903 | Abyss:1  | Slain by a profane servitor

Vault maps used:
D:1:      mushboom_english_gardens, cheibriados_altar_1
D:2:      makhleb_altar_promises_db, tgw_fedhas
D:3:      ecumenical_altar_2, uniq_iyjb
D:4:      johnstein_pakellas_dig
D:5:      first_bread, nrook_mini_backslash, minmay_crystal_water,
          cheibrodos_gnoll_hut, uniq_prince_ribbit1, uniq_edmund
D:6:      serial_shops, kennysheep_mini, uniq_blork_the_orc
D:7:      serial_shops, shop
D:8:      lair_0_dummy
D:9:      serial_shops, shop_fountains, kennysheep_mini_moat, shop,
          grunt_livestock
D:10:     kennysheep_windowed_halls, orc_0_dummy, basic_altar, uniq_joseph
D:11:     kennysheep_cross_bottleneck
D:12:     hangedman_abyss_or_decor_stabs
D:13:     minmay_spiral_squares, david_vaults_3, portal_ice_cave_entry_imps
D:14:     nicolae_ru_the_path_less_chosen, uniq_sonja, uniq_nessos
D:15:     hangedman_depths_entry_try_elsewhere_first,
          hangedman_abyss_or_decor_lesser_grid
Temple:   regret_index_temple_sigil_plot
Lair:1:   lemuel_fruit_tree
Lair:2:   minmay_shoals_entry_centaurs, lab_entry_generic, special_room,
          nicolae_volcano_entry_s_turn, grunt_megastairs_2, serial_bayou_shore_b
Lair:3:   grunt_megastairs_3
Lair:4:   guppyfry_snake_entry_garden, grunt_megastairs_1
Lair:5:   eino_small_chamber_without_monster, roderic_lost_polar_bear
Lair:6:   hangedman_lair_caniforms_friends, hangedman_lair_in_review,
          slime_altar_1, serial_bayou_pond_c, serial_bayou_shore_b
Shoals:1: uniq_kirke
Shoals:2: lemuel_oklob_altar
Shoals:3: uniq_polyphemus, uniq_bai_suzhen, uniq_jorgrun
Shoals:4: shoals_end_grunt_ice, shoals_ilsuiw_ice
Snake:1:  serial_shops, shop, st_stairs_11, nicolae_alphabet_shops,
          nicolae_snake_single_loop, statue_in_the_mist_lemuel,
          nicolae_snake_shapes, serial_bayou_shore_b, uniq_louise, uniq_aizul
Snake:2:  serial_bayou_pond_a, uniq_nikola
Snake:3:  serial_shops, shop, uniq_vashnia
Snake:4:  grunt_snake_rune_pools, grunt_ministairs_1
Slime:2:  cheibrodos_slime_lost_civilization_6
Slime:4:  nicolae_slime_jelly_donut
Orc:1:    serial_shops, nicolae_shop_crystal
Orc:2:    st_orc_open, basic_altar, nicolae_orc_lava_tube
Elf:1:    kennysheep_spiral_hall, minmay_elf_necromancy
Elf:2:    serial_shops, shop, shop
Elf:3:    grunt_elf_hall_diamonds
Vaults:1: hangedman_vaults_pinch, vaults_room_fancy_cross,
          ontoclasm_vaults_decontamination, nicolae_vaults_big_ls,
          vaults_room_grunt_arrival_checkpoint, vaults_room_fours,
          ontoclasm_vaults_echo, nicolae_vaults_little_squares_6, v_pattern_4,
          vaults_room_door_ring, uniq_saint_roka
Vaults:2: v_misc_19, v_misc_9, grunt_vaults_bifocal, hangedman_vaults_corner,
          v_pattern_5, v_misc_16, nicolae_vaults_network_s,
          dpeg_vaults_monster_box, vaults_room_semicircle,
          vaults_mumra_minichess_inversion, ontoclasm_vaults_twist,
          vaults_room_stairs_pillars, serial_shops, shop
Vaults:3: v_misc_4, nicolae_vaults_windows_and_doors_thing, st_cells,
          minmay_crypt_entry_simple_corners, v_misc_16,
          vaults_room_mumra_shop_pool, ontoclasm_vaults_ring_large,
          grunt_vaults_swirl, vaults_mumra_lcd, nicolae_vaults_circle_grid_b,
          hangedman_vaults_locks, basic_altar, uniq_donald
Vaults:4: v_rooms_3, nicolae_vaults_network_quinsquares, v_misc_14,
          nicolae_vaults_circle_grid_a, v_rooms_4, nicolae_vaults_theta,
          v_misc_11, basic_altar
Vaults:5: serial_shops
Crypt:1:  st_stairs_14, grunt_megastairs_4, grunt_crypt_arrival_split
Crypt:2:  serial_co_window_serial, co_window_paths_a, co_window_paths_b,
          co_window_paths_a, co_window_paths_b, co_window_paths_a,
          co_window_unsneaky_path_e, co_window_2corner,
          co_window_unsneaky_path_a, co_window_cross_3, co_window_paths_c,
          co_window_corner_b, co_window_corner_b, minmay_misc_feat_rows
Crypt:3:  david_glass_crypt
Depths:1: old_standard_altar, grunt_mini_vestibule, abyss_entry_crystal,
          nrook_pool_corridor, serial_sigils_hangedman_leer, hex_large,
          spider_trap, minivault_1, minmay_misc_feat_room,
          minmay_checkered_concentric_circles
Depths:2: wad_guarded_room, hell_entry, minmay_misc_feat_roman,
          kennysheep_generic_room_7, infiniplex_staircase_hallway_doors
Depths:3: minmay_connected_boxes_in_corner, enter_ziggurat_a, hell_entry,
          pan_entry, corexii_leaking_fountain, minmay_misc_feat_chi, uniq_boris
Depths:4: box_level_dp, hell_entry, abyss_entry, uniq_mennas
Depths:5: grunt_crosshair, hangedman_abyss_or_decor_slice,
          rand_demon_pan_entry_5, grunt_hell_entry_dis_grunt
Abyss:2:  evilmike_abyss_exit_10, hangedman_elemental_corridor,
          hangedman_summoners_spam
Abyss:3:  nicolae_abyss_rune_star_stuff, abyss_furniture_001,
          grunt_abyss_rune_wretched_hive, patterned_corridor
Pan:      rand_demon_2, pan_blood_fountain, nicolae_pan_giant_door,
          nicolae_pan_sigil_eeng, evilmike_mini_pan_possible_glass,
          grunt_pan_zigzag, evilmike_mini_pan_layers
Lab:      labyrinth_watery, nicolae_lab_plus, nicolae_lab_dead_end, lab_statue,
          labyrinth_lava_lair, nicolae_lab_swirl, nicolae_lab_quarters
IceCv:    ice_cave_small_dragons
Volcano:  volcano_village

Skill      XL: |  1  2  3  4  5  6  7  8  9 10 11 12 13 14 15 16 17 18 19 20 21 22 23 24 25 26 27 |
---------------+----------------------------------------------------------------------------------+-----
Long Blades    | 2 3 4 5 6 7 9 11 12 13 14 17 18 | 18.0
Invocations    | 3 4 6 8 |  8.0
Armour         | 2 4 7 9 11 13 14 16 17 18 | 18.1
Fighting       | 7 11 13 15 | 15.8
Dodging        | 5 9 12 14 16 18 21 | 21.3
Evocations     | 3 8 11 12 | 12.0
Stealth        | 4 5 8 9 10 | 10.0
Translocations | 4 8 |  8.2
Spellcasting   | 3 6 7 9 11 13 | 13.2
Summonings     | 4 7 9 12 13 16 | 16.8
Throwing       | 5 9 10 12 | 12.4
Charms         | 6 10 | 10.0
Necromancy     | 7 8 9 13 | 13.0

Action                   |  1- 3 |  4- 6 |  7- 9 | 10-12 | 13-15 | 16-18 | 19-21 | 22-24 | 25-27 || total
-------------------------+-------+-------+-------+-------+-------+-------+-------+-------+-------++-------
Melee: Falchion          |   146 |   322 |   663 |    29 |       |       |       |       |       ||  1160
       Headbutt          |       |       |    50 |   226 |   580 |   584 |   669 |   676 |   799 ||  3584
       Long sword        |       |       |       |   653 |       |       |       |       |       ||   653
       Demon blade       |       |       |       |   639 |  2201 |  2137 |   670 |       |       ||  5647
       Short sword       |       |       |       |     7 |       |       |       |       |       ||     7
       Great sword       |       |       |       |       |       |       |  1592 |  2215 |  2727 ||  6534
 Fire: Hunting sling     |       |       |       |     5 |    21 |       |       |       |       ||    26
       Blowgun           |       |       |       |       |     1 |     4 |       |       |       ||     5
Throw: Stone             |     1 |    16 |    20 |       |       |       |       |       |       ||    37
       Tomahawk          |       |       |    12 |    17 |    10 |    10 |     7 |       |       ||    56
       Javelin           |       |       |       |       |       |       |     5 |    35 |    48 ||    88
       Throwing net      |       |       |       |       |       |       |       |     3 |       ||     3
 Cast: Apportation       |       |       |       |       |       |     2 |     2 |     2 |    20 ||    26
       Blink             |       |       |       |       |       |       |     2 |    10 |     8 ||    20
       Regeneration      |       |       |       |       |       |       |       |    70 |   101 ||   171
       Repel Missiles    |       |       |       |       |       |       |       |     8 |    16 ||    24
       Portal Projectile |       |       |       |       |       |       |       |     3 |     7 ||    10
       Aura of Abjuratio |       |       |       |       |       |       |       |     3 |    11 ||    14
       Summon Butterflie |       |       |       |       |       |       |       |       |    16 ||    16
       Dispel Undead     |       |       |       |       |       |       |       |       |     7 ||     7
       Shadow Creatures  |       |       |       |       |       |       |       |       |     1 ||     1
Invok: Banish            |       |       |       |     1 |       |     1 |       |       |     4 ||     6
       Depart the Abyss  |       |       |       |       |       |       |       |     1 |       ||     1
Evoke: Wand              |       |       |     1 |     4 |     5 |     6 |     4 |     3 |    12 ||    35
       Rod               |       |       |       |       |     4 |     5 |     2 |       |     2 ||    13
       Sack of spiders   |       |       |       |       |       |       |       |     2 |       ||     2
       Phantom mirror    |       |       |       |       |       |       |       |       |     1 ||     1
  Use: Scroll            |     1 |     7 |    12 |    13 |     9 |    10 |     6 |    12 |    23 ||    93
       Potion            |     1 |       |     1 |     6 |       |     6 |     2 |     5 |    21 ||    42
 Stab: Sleeping          |       |       |       |       |     2 |     7 |    23 |    20 |     6 ||    58
       Paralysed         |       |       |       |       |     2 |       |       |       |       ||     2
       Distracted        |       |       |       |       |       |     6 |     1 |     5 |    10 ||    22
       Petrified         |       |       |       |       |       |       |     6 |       |       ||     6
       Held in net/web   |       |       |       |       |       |       |       |     3 |       ||     3
  Eat: Chunk             |     3 |    10 |    15 |    23 |    41 |    19 |    42 |    26 |    24 ||   203
       Pizza             |       |       |       |     5 |       |     2 |     2 |     3 |     3 ||    15
       Beef jerky        |       |       |       |     1 |       |       |       |     1 |     2 ||     4
       Meat ration       |       |       |       |       |       |     2 |       |     3 |     1 ||     6
       Bread ration      |       |       |       |       |       |     3 |       |     1 |     5 ||     9
       Royal jelly       |       |       |       |       |       |       |       |       |     1 ||     1
Armor: Leather armour    |    58 |    95 |    12 |       |       |       |       |       |       ||   165
       Chain mail        |       |       |   239 |   213 |       |       |       |       |       ||   452
       Plate armour      |       |       |    82 |     2 |       |       |       |       |       ||    84
       Fire dragon armou |       |       |       |   191 |   758 |   567 |   670 |   713 |  1129 ||  4028
Dodge: Dodged            |    77 |   139 |   178 |   449 |   915 |  1198 |  1404 |  1369 |  1887 ||  7616
       Deflected         |       |       |       |       |       |       |       |    36 |    48 ||    84
Block: Other             |       |    14 |    26 |    60 |   156 |   194 |   155 |   190 |   330 ||  1125
       Shield            |       |       |    35 |       |       |       |       |       |       ||    35

Table legend:
 A = Turns spent in this place as a percentage of turns spent in the entire game.
 B = Non-inter-level travel turns spent in this place as a percentage of non-inter-level travel turns spent in the entire game.
 C = Inter-level travel turns spent in this place as a percentage of turns spent in this place.
 D = Turns resting spent in this place as a percentage of non-inter-level travel turns spent in this place.
 E = Turns spent auto-exploring this place as a percentage of non-inter-level travel turns spent in this place.
 F = Non-inter-level travel turns spent in this place divided by the number of levels of this place that you've seen.
                   A       B       C       D       E      F
               +-------+-------+-------+-------+-------+----------------------
         Total | 100.0 | 100.0 |   0.5 |   2.1 |   2.5 | 603.1
       Dungeon |  18.5 |  18.4 |   0.8 |   1.8 |   4.0 | 504.3
        Temple |   0.1 |   0.1 |   4.2 |   0.0 |  91.3 |  23.0
          Lair |  10.2 |  10.1 |   1.0 |   1.0 |   3.2 | 691.7
        Shoals |   8.5 |   8.5 |   0.2 |   2.5 |   1.4 | 876.0
     Snake Pit |   8.1 |   8.0 |   0.5 |   4.9 |   3.0 | 825.0
    Slime Pits |   2.2 |   2.2 |   0.2 |   3.1 |   0.0 | 181.0
  Orcish Mines |   3.2 |   3.2 |   0.9 |   1.6 |   1.7 | 652.0
   Elven Halls |   6.0 |   6.0 |   0.4 |   1.9 |   2.1 | 825.0
        Vaults |  14.3 |  14.3 |   0.5 |   1.6 |   2.2 | 1170.4
         Crypt |   4.1 |   4.1 |   0.2 |   3.5 |   5.1 | 556.7
        Depths |  12.9 |  12.9 |   0.4 |   1.4 |   2.4 | 1057.6
         Abyss |   6.3 |   6.3 |   0.0 |   2.2 |   0.1 | 370.6
   Pandemonium |   4.1 |   4.2 |   0.0 |   2.0 |   0.4 | 340.6
     Labyrinth |   0.4 |   0.4 |   0.0 |   1.2 |   0.0 | 163.0
      Ice Cave |   0.7 |   0.7 |   0.0 |   1.4 |   1.4 | 282.0
       Volcano |   0.6 |   0.6 |   0.0 |   7.4 |   0.0 | 231.0
               +-------+-------+-------+-------+-------+----------------------

Vault maps used:
D:1:      mushboom_english_gardens, cheibriados_altar_1
D:2:      makhleb_altar_promises_db, tgw_fedhas
D:3:      ecumenical_altar_2, uniq_iyjb
D:4:      johnstein_pakellas_dig
D:5:      first_bread, nrook_mini_backslash, minmay_crystal_water,
          cheibrodos_gnoll_hut, uniq_prince_ribbit1, uniq_edmund
D:6:      serial_shops, kennysheep_mini, uniq_blork_the_orc
D:7:      serial_shops, shop
D:8:      lair_0_dummy
D:9:      serial_shops, shop_fountains, kennysheep_mini_moat, shop,
          grunt_livestock
D:10:     kennysheep_windowed_halls, orc_0_dummy, basic_altar, uniq_joseph
D:11:     kennysheep_cross_bottleneck
D:12:     hangedman_abyss_or_decor_stabs
D:13:     minmay_spiral_squares, david_vaults_3, portal_ice_cave_entry_imps
D:14:     nicolae_ru_the_path_less_chosen, uniq_sonja, uniq_nessos
D:15:     hangedman_depths_entry_try_elsewhere_first,
          hangedman_abyss_or_decor_lesser_grid
Temple:   regret_index_temple_sigil_plot
Lair:1:   lemuel_fruit_tree
Lair:2:   minmay_shoals_entry_centaurs, lab_entry_generic, special_room,
          nicolae_volcano_entry_s_turn, grunt_megastairs_2, serial_bayou_shore_b
Lair:3:   grunt_megastairs_3
Lair:4:   guppyfry_snake_entry_garden, grunt_megastairs_1
Lair:5:   eino_small_chamber_without_monster, roderic_lost_polar_bear
Lair:6:   hangedman_lair_caniforms_friends, hangedman_lair_in_review,
          slime_altar_1, serial_bayou_pond_c, serial_bayou_shore_b
Shoals:1: uniq_kirke
Shoals:2: lemuel_oklob_altar
Shoals:3: uniq_polyphemus, uniq_bai_suzhen, uniq_jorgrun
Shoals:4: shoals_end_grunt_ice, shoals_ilsuiw_ice
Snake:1:  serial_shops, shop, st_stairs_11, nicolae_alphabet_shops,
          nicolae_snake_single_loop, statue_in_the_mist_lemuel,
          nicolae_snake_shapes, serial_bayou_shore_b, uniq_louise, uniq_aizul
Snake:2:  serial_bayou_pond_a, uniq_nikola
Snake:3:  serial_shops, shop, uniq_vashnia
Snake:4:  grunt_snake_rune_pools, grunt_ministairs_1
Slime:2:  cheibrodos_slime_lost_civilization_6
Slime:4:  nicolae_slime_jelly_donut
Orc:1:    serial_shops, nicolae_shop_crystal
Orc:2:    st_orc_open, basic_altar, nicolae_orc_lava_tube
Elf:1:    kennysheep_spiral_hall, minmay_elf_necromancy
Elf:2:    serial_shops, shop, shop
Elf:3:    grunt_elf_hall_diamonds
Vaults:1: hangedman_vaults_pinch, vaults_room_fancy_cross,
          ontoclasm_vaults_decontamination, nicolae_vaults_big_ls,
          vaults_room_grunt_arrival_checkpoint, vaults_room_fours,
          ontoclasm_vaults_echo, nicolae_vaults_little_squares_6, v_pattern_4,
          vaults_room_door_ring, uniq_saint_roka
Vaults:2: v_misc_19, v_misc_9, grunt_vaults_bifocal, hangedman_vaults_corner,
          v_pattern_5, v_misc_16, nicolae_vaults_network_s,
          dpeg_vaults_monster_box, vaults_room_semicircle,
          vaults_mumra_minichess_inversion, ontoclasm_vaults_twist,
          vaults_room_stairs_pillars, serial_shops, shop
Vaults:3: v_misc_4, nicolae_vaults_windows_and_doors_thing, st_cells,
          minmay_crypt_entry_simple_corners, v_misc_16,
          vaults_room_mumra_shop_pool, ontoclasm_vaults_ring_large,
          grunt_vaults_swirl, vaults_mumra_lcd, nicolae_vaults_circle_grid_b,
          hangedman_vaults_locks, basic_altar, uniq_donald
Vaults:4: v_rooms_3, nicolae_vaults_network_quinsquares, v_misc_14,
          nicolae_vaults_circle_grid_a, v_rooms_4, nicolae_vaults_theta,
          v_misc_11, basic_altar
Vaults:5: serial_shops
Crypt:1:  st_stairs_14, grunt_megastairs_4, grunt_crypt_arrival_split
Crypt:2:  serial_co_window_serial, co_window_paths_a, co_window_paths_b,
          co_window_paths_a, co_window_paths_b, co_window_paths_a,
          co_window_unsneaky_path_e, co_window_2corner,
          co_window_unsneaky_path_a, co_window_cross_3, co_window_paths_c,
          co_window_corner_b, co_window_corner_b, minmay_misc_feat_rows
Crypt:3:  david_glass_crypt
Depths:1: old_standard_altar, grunt_mini_vestibule, abyss_entry_crystal,
          nrook_pool_corridor, serial_sigils_hangedman_leer, hex_large,
          spider_trap, minivault_1, minmay_misc_feat_room,
          minmay_checkered_concentric_circles
Depths:2: wad_guarded_room, hell_entry, minmay_misc_feat_roman,
          kennysheep_generic_room_7, infiniplex_staircase_hallway_doors
Depths:3: minmay_connected_boxes_in_corner, enter_ziggurat_a, hell_entry,
          pan_entry, corexii_leaking_fountain, minmay_misc_feat_chi, uniq_boris
Depths:4: box_level_dp, hell_entry, abyss_entry, uniq_mennas
Depths:5: grunt_crosshair, hangedman_abyss_or_decor_slice,
          rand_demon_pan_entry_5, grunt_hell_entry_dis_grunt
Abyss:2:  evilmike_abyss_exit_10, hangedman_elemental_corridor,
          hangedman_summoners_spam
Abyss:3:  nicolae_abyss_rune_star_stuff, abyss_furniture_001,
          grunt_abyss_rune_wretched_hive, patterned_corridor
Pan:      rand_demon_2, pan_blood_fountain, nicolae_pan_giant_door,
          nicolae_pan_sigil_eeng, evilmike_mini_pan_possible_glass,
          grunt_pan_zigzag, evilmike_mini_pan_layers
Lab:      labyrinth_watery, nicolae_lab_plus, nicolae_lab_dead_end, lab_statue,
          labyrinth_lava_lair, nicolae_lab_swirl, nicolae_lab_quarters
IceCv:    ice_cave_small_dragons
Volcano:  volcano_village
